 Dungeon Crawl Stone Soup version 0.30-a0-1053-gbd8d5ba0ad (webtiles) character file.

Game seed: 12918925227660611393

75 Ihaveafatcat the Trooper (level 4, -8/40 HPs)
             Began as a Hill Orc Fighter on Apr 11, 2023.
             Mangled by a gnoll
             ... wielding a +0 flail
              (9 damage)
             ... on level 3 of the Dungeon.
             The game lasted 00:03:25 (1829 turns).

Ihaveafatcat the Trooper (Hill Orc Fighter)         Turns: 1829, Time: 00:03:26

Health: -8/40      AC:  8    Str: 26    XL:     4   Next: 31%
Magic:  4/4        EV:  9    Int:  8    God:
Gold:   118        SH:  4    Dex: 10    Spells: 3/3 levels left

rFire   . . .      SeeInvis .    a - +0 war axe
rCold   . . .      Faith    .    c - +0 buckler
rNeg    . . .      Spirit   .    b - +0 scale mail
rPois   .          Reflect  .    (no helmet)
rElec   .          Rampage  .    (no cloak)
rCorr   .                        (no gloves)
Will    .....                    o - +0 pair of boots Stlth
                                 (no amulet)
HPRegen 0.26/turn                i - +6 ring of strength
MPRegen 0.09/turn                (no ring)

@: mighty
A: no striking features
a: no special abilities


You were on level 3 of the Dungeon.
You visited 1 branch of the dungeon, and saw 3 of its levels.

You collected 118 gold pieces.

Inventory:

Hand Weapons
 a - a +0 war axe (weapon)
Armour
 b - a +0 scale mail (worn)
 c - a +0 buckler (worn)
 o - a +0 pair of boots (worn)
Jewellery
 i - a +6 ring of strength (left hand)
Scrolls
 g - a scroll of fear {unknown}
 j - a scroll of poison {unknown}
 k - 2 scrolls of immolation {unknown}
 l - a scroll of amnesia {unknown}
 m - a scroll of blinking {unknown}
 n - a scroll of identify {unknown}
 p - a scroll of noise {unknown}
 q - a scroll of teleportation {unknown}
Potions
 d - a potion of might
 e - a potion of attraction {unknown}
 f - a potion of heal wounds {unknown}
 h - 2 potions of curing {unknown}


   Skills:
 + Level 4.2 Fighting
 * Level 4.0 Axes
 + Level 3.8 Armour
 + Level 3.9 Shields


You had 3 spell levels left.
You didn't know any spells.
Your spell library contained the following spells:

 Spells                   Type           Power      Damage    Failure   Level
 Call Canine Familiar     Summ           0%         N/A       98%         3
 Portal Projectile        Hex/Tloc       0%         N/A       98%         3
 Leda's Liquefaction      Hex/Erth       0%         N/A       100%        4


Dungeon Overview and Level Annotations

Branches:
Dungeon (3/15)

Altars:
Yredelemnul

Shops:
D:1 *


Message History

There are monsters nearby!
The gnoll hits you from afar with a +0 spear!
You see here a +0 whip.
There are monsters nearby!
You completely miss the gnoll. The gnoll hits you with a +0 flail.
The gnoll hits you from afar with a +0 spear.
There are monsters nearby!
You are too injured to fight recklessly!
There are monsters nearby!
You are too injured to fight recklessly!
There are monsters nearby!
You are too injured to fight recklessly!
There are monsters nearby!
You are too injured to fight recklessly!
There are monsters nearby!
You are too injured to fight recklessly!
There are monsters nearby!
You are too injured to fight recklessly!
You completely miss the gnoll. You block the gnoll's attack.
The gnoll barely misses you.
You hit the gnoll.
The gnoll is lightly wounded.
The gnoll hits you with a +0 flail.
The gnoll hits you from afar with a +0 spear.
You block the gnoll's attack.
The gnoll hits you from afar with a +0 spear.
* * * LOW HITPOINT WARNING * * *
You hit the gnoll.
The gnoll is moderately wounded.
The gnoll hits you with a +0 flail.
* * * LOW HITPOINT WARNING * * *
You block the gnoll's attack.
You barely miss the gnoll.
The gnoll is moderately wounded.
The gnoll hits you with a +0 flail!
* * * LOW HITPOINT WARNING * * *
You block the gnoll's attack.
You feel very mighty all of a sudden. The gnoll hits you with a +0 flail!
You die...

#.#########.#
.#.........#
.........##. #.#
#.........>.
#.#.###..........
#.#.#............
#.#.# #.......#
#.#.# #.#.....#
#.#.# #@#.....#
####.#.# #g#.....#
#......# g.#.###.#
#......#####.# .#
#......#####.###.#
#......<.†.......#
#............#####
########...###
#...#


You could see 2 gnolls.

Vanquished Creatures
  Terence (D:2)
  An adder (D:3)
  A worm (D:3)
  2 ball pythons
  3 endoplasms (D:1)
  2 giant cockroaches
  6 goblins
  A hobgoblin (D:1)
  4 kobolds (D:1)
  2 quokkas
  4 bats (D:1)
  4 frilled lizards
  5 rats (D:1)
36 creatures vanquished.

Notes
Turn   | Place    | Note
-------+----------+-------------------------------------------
     0 | D:1      | Ihaveafatcat the Hill Orc Fighter began the quest for the
                  | Orb.
     0 | D:1      | Reached XP level 1. HP: 19/19 MP: 1/1
   249 | D:1      | Reached XP level 2. HP: 25/27 MP: 2/2
   637 | D:1      | Found Fegisot's General Store.
   747 | D:1      | Reached XP level 3. HP: 33/33 MP: 3/3
   957 | D:2      | Noticed Terence
   971 | D:2      | Killed Terence
  1297 | D:2      | Reached XP level 4. HP: 40/40 MP: 4/4
  1326 | D:2      | Found a basalt altar of Yredelemnul.
  1828 | D:3      | HP: 1/40 [gnoll/+0 flail (9)]
  1829 | D:3      | Mangled by a gnoll

Illustrated notes

Levels and vault maps discovered:
D:1:      lemuel_arrival_funnel, layout_basic, serial_shops,
          nicolae_shop_hallway_stairs
D:2:      layout_rooms, basic_altar, amethyst_killhole, bh_walls_and_bars,
          uniq_terence
D:3:      layout_basic

Skill      XL: |  1  2  3  4 |
---------------+-------------+-----
Axes           | 3 4 |  4.0
Fighting       | 4 |  4.2
Armour         | |  3.8
Shields        | |  3.9

Action                     |  1- 3 |  4- 6 || total
---------------------------+-------+-------++-------
  Melee: War axe           |    90 |    23 ||   113
    Use: Potion            |       |     1 ||     1
 Armour: Scale mail        |    44 |    14 ||    58
  Dodge: Dodged            |    40 |     4 ||    44
  Block: Buckler           |    20 |     5 ||    25

Table legend: (Time is in decaauts)
 A = Elapsed time spent in this place.
 B = Non-inter-level travel time spent in this place.
 C = Inter-level travel time spent in this place.
 D = Time resting spent in this place.
 E = Time spent auto-exploring this place.
 F = Levels seen in this place.
 G = Mean time per level.
                   A        B        C        D        E       F      G
               +--------+--------+--------+--------+--------+-----+--------+
         Total |   1870 |   1870 |      0 |    259 |   1239 |   3 |  623.3 |
       Dungeon |   1870 |   1870 |      0 |    259 |   1239 |   3 |  623.3 |
               +--------+--------+--------+--------+--------+-----+--------+

Top non-repeatable levels by time:
     D:1: 951 daAuts
     D:2: 805 daAuts
     D:3: 113 daAuts
